 Dungeon Crawl Stone Soup version 0.19-a0-1740-g0bcaf2e (webtiles) character file.

59 Amnesiac the Digger (level 3, -4/24 HPs)
             Began as a Mummy Earth Elementalist on Oct 2, 2016.
             Slain by Blork the orc
             ... wielding a +3 dire flail of venom
              (10 damage)
             ... on level 4 of the Dungeon.
             The game lasted 00:02:53 (1934 turns).

Amnesiac the Digger (Mummy Earth Elementalist)      Turns: 1934, Time: 00:02:53

Health: -4/24      AC:  2    Str: 11    XL:     3   Next: 78%
Magic:  1/6        EV: 12    Int: 14    God:
Gold:   79         SH:  0    Dex: 13    Spells: 2 memorised, 3 levels left

rFire  x . .     SeeInvis .     b - 8 stones
rCold  + . .     Gourm    .     c - +0 robe
rNeg   + + +     Faith    .     (no shield)
rPois  ∞         Spirit   .     (no helmet)
rElec  .         Dismiss  .     (no cloak)
rCorr  .         Reflect  .     (no gloves)
MR     .....     Harm     .     (no boots)
Stlth  ++........               (no amulet)
                                (no ring)
                                h - ring of positive energy

@: very slightly contaminated
A: no food or potions, fire vulnerability, cold resistance 1, negative energy
resistance 3, torment resistance, unbreathing
a: no special abilities


You were on level 4 of the Dungeon.
You were not hungry.

You visited 1 branch of the dungeon, and saw 4 of its levels.

You collected 79 gold pieces.

Inventory:

Hand Weapons
 k - a +0 dagger
 m - a +0 falchion
Missiles
 b - 8 stones (in hand)
Armour
 c - a +0 robe (worn)
 i - a +0 leather armour of fire resistance
Jewellery
 h - a ring of positive energy (left hand)
Scrolls
 a - 4 scrolls of remove curse {unknown}
 e - a scroll of immolation {unknown}
 f - 2 scrolls of teleportation {unknown}
 g - a scroll of enchant weapon {unknown}
 j - a scroll of magic mapping {unknown}
 l - a scroll of enchant armour {unknown}
Books
 d - a book of Geomancy

   Spells                             Type                      Level
   a - Sandblast                      Earth                        1
   b - Passwall                       Transmutation/Earth          2
   c - Stone Arrow                    Conjuration/Earth            3
   d - Petrify                        Transmutation/Earth          4
   e - Lee's Rapid Deconstruction     Earth                        5


   Skills:
 - Level 1.5 Dodging
 - Level 1.5 Stealth
 - Level 2.0 Spellcasting
 - Level 0.7 Transmutations
 + Level 3.9 Earth Magic


You had 3 spell levels left.
You knew the following spells:

 Your Spells              Type           Power        Failure   Level  Hunger
f - Sandblast             Erth           ##....       6%          1    N/A
v - Passwall              Tmut/Erth      #.........   17%         2    N/A

Dungeon Overview and Level Annotations

Branches:
Dungeon (4/15)
 Temple: D:4-7

Altars:
Ashenzari

Annotations:
D:4 Blork the orc


Innate Abilities, Weirdness & Mutations

You do not eat or drink.
Your flesh is vulnerable to fire.
You are immune to poison.
Your flesh is cold resistant. (rC+)
You are immune to negative energy. (rN+++)
You are immune to unholy pain and torment.
You can survive without breathing.


Message History

Blork the orc zaps a wand.
The puff of flame hits you! The fire burns you terribly!
Ouch! That really hurt!
* * * LOW HITPOINT WARNING * * *
It is a wand of flame.
Casting: Sandblast
Confirm with . or Enter, or press ? or * to list all spells.
Aiming: Sandblast
Press: ? - help, Shift-Dir - straight line, f/p - Blork the orc
Aim: Blork the orc, wielding a dire flail of venom, wearing a runed robe and carrying a wand of flame {zapped: 1} (heavily wounded)
The rocky blast hits Blork the orc.
Blork the orc is heavily wounded.
Casting: Sandblast
Confirm with . or Enter, or press ? or * to list all spells.
Aiming: Sandblast
Press: ? - help, Shift-Dir - straight line, f/p - Blork the orc
Aim: Blork the orc, wielding a dire flail of venom, wearing a runed robe and carrying a wand of flame {zapped: 1} (heavily wounded)
The rocky blast misses Blork the orc.
Blork the orc hits you with a dire flail of venom!
You die...

#.##.# #..#.# .
##.#.# ..
#######...# ...
#.........##....
#........>''...$
#........)##....
#........o# ##o
#........@#
#.........#
#<........#
###########


You could see Blork the orc.

Vanquished Creatures
  An orc wizard (D:4)
  A worm (D:3)
  2 dart slugs (D:3)
  An orc (D:4)
  A ball python (D:2)
  2 bats
  2 giant cockroaches (D:1)
  2 goblins
  4 hobgoblins
  A jackal (D:1)
  2 kobolds
  A quokka (D:3)
  2 frilled lizards (D:4)
  2 rats
24 creatures vanquished.

Notes
Turn   | Place    | Note
-------+----------+-------------------------------------------
     0 | D:1      | Amnesiac the Mummy Earth Elementalist began the quest for the Orb.
     0 | D:1      | Reached XP level 1. HP: 13/13 MP: 3/3
  1149 | D:2      | Reached XP level 2. HP: 19/19 MP: 3/5
  1226 | D:1      | Reached skill level 3 in Earth Magic
  1382 | D:2      | Found a shattered altar of Ashenzari.
  1652 | D:3      | Reached XP level 3. HP: 24/24 MP: 1/6
  1702 | D:3      | Learned a level 2 spell: Passwall
  1800 | D:4      | Noticed Blork the orc
  1934 | D:4      | Slain by Blork the orc

Vault maps used:
D:1:      ncdulo_wetmaze
D:2:      nicolae_overflow_crystal_walls
D:3:      uniq_grinder
D:4:      gup_sewer_entry_pipe, okawaru_trees_1, uniq_blork_the_orc

Skill      XL: |  1  2 |
---------------+-------+-----
Earth Magic    | 3 |  3.9
Dodging        | |  1.5
Stealth        | |  1.5
Spellcasting   | |  2.0
Transmutations | |  0.7

Action                   || total
-------------------------++-------
Melee: Unarmed           ||    23
 Cast: Sandblast         ||    59
Armor: Robe              ||     7
Dodge: Dodged            ||    33
